 Dungeon Crawl Stone Soup version 0.27-a0-334-g52645efa06 (webtiles) character file.

Game seed: 1180414906642348030

10817 lorimerr the Spear-Bearer (level 11, -9/87 HPs)
             Began as a Demonspawn Fighter on Feb 13, 2021.
             Was an Elder of Makhleb.
             Mangled by a white ugly thing (30 damage)
             ... on level 12 of the Dungeon.
             The game lasted 01:16:33 (12017 turns).

lorimerr the Spear-Bearer (Demonspawn Fighter)     Turns: 12017, Time: 01:16:34

Health: -9/87      AC: 21    Str: 19    XL:     11   Next: 41%
Magic:  11/11      EV:  4    Int: 17    God:    Makhleb [****..]
Gold:   439        SH: 15    Dex: 12    Spells: 10/10 levels left

rFire    . . .     SeeInvis .   L - +4 spear
rCold    . . .     Faith    .   c - +0 kite shield
rNeg     . . .     Spirit   .   e - +3 plate armour
rPois    .         Reflect  +   (helmet restricted)
rElec    .         Harm     .   (no cloak)
rCorr    .         Rampage  .   i - +0 pair of gloves
Will     .....                  (no boots)
Stlth    ..........             P - amulet of reflection
HPRegen  0.24/turn              q - +4 ring of protection
MPRegen  0.12/turn              R - +6 ring of intelligence

@: mighty
A: claws 1, hooves 2, horns 1, powered by pain 2, spiny 1
a: Renounce Religion, Minor Destruction, Lesser Servant of Makhleb, Major
Destruction


You were on level 12 of the Dungeon.
You worshipped Makhleb.
Makhleb was greatly pleased with you.
You visited 1 branch of the dungeon, and saw 13 of its levels.

You collected 625 gold pieces.
You spent 186 gold pieces at shops.

Inventory:

Hand Weapons
 a - a +0 trident
 o - a +0 scythe
 p - a +0 halberd
 u - a +2 antimagic dagger
 w - a +2 dagger of freezing
 A - a +3 spear
 L - a +4 spear (weapon)
 Q - a +3 spear
 T - a +1 hand axe of flaming
Missiles
 g - 25 poisoned darts (quivered)
 D - 4 javelins
 F - 3 boomerangs
 G - 11 throwing nets
Armour
 b - a +0 scale mail
 c - a +0 kite shield (worn)
 e - a +3 plate armour (worn)
 i - a +0 pair of gloves (worn)
 j - a +1 chain mail
 K - a +1 helmet
Jewellery
 q - a +4 ring of protection (left hand)
 y - an amulet of regeneration
 B - a ring of flight
 P - an amulet of reflection (around neck)
 R - a +6 ring of intelligence (right hand)
 S - an amulet of reflection
 U - a ring of poison resistance {unknown}
Wands
 H - a wand of random effects (16)
 M - a wand of mindburst (14)
Scrolls
 f - a scroll of fear {unknown}
 k - 4 scrolls of teleportation
 r - a scroll of amnesia
 s - a scroll of fog {unknown}
 C - a scroll of enchant weapon {unknown}
 I - a scroll of identify
 J - a scroll of torment
 N - 2 scrolls of blinking {unknown}
 O - a scroll of magic mapping {unknown}
Potions
 d - 2 potions of might
 h - 4 potions of flight
 l - 2 potions of lignification
 m - a potion of curing
 n - 2 potions of degeneration
 t - a potion of haste {unknown}
 v - 4 potions of attraction
 x - a potion of resistance
 z - 2 potions of brilliance
 E - a potion of magic


   Skills:
 * Level 8.6 Fighting
 + Level 12.6 Polearms
 * Level 6.0 Armour
 * Level 6.0 Shields


You had 10 spell levels left.
You didn't know any spells.
Your spell library contained the following spells:

 Spells                   Type           Power        Failure   Level
 Magic Dart               Conj           0%           100%        1
 Sting                    Tmut/Pois      0%           100%        1
 Poisonous Vapours        Pois/Air       0%           100%        2
 Searing Ray              Conj           0%           100%        2
 Dazzling Flash           Conj/Hex       0%           100%        3
 Ignite Poison            Fire/Tmut/Pois 0%           100%        3
 Mephitic Cloud           Conj/Pois/Air  0%           100%        3
 Fulminant Prism          Conj/Hex       0%           100%        4
 Iskenderun's Mystic Bla  Conj/Tloc      0%           100%        4
 Olgreb's Toxic Radiance  Pois           0%           100%        4


Dungeon Overview and Level Annotations

Branches:
Dungeon (13/15)            Temple (0/1) D:7            Lair (0/6) D:8
    Orc: D:9-12      Vaults: D:13-14

Altars:
Cheibriados
Dithmenos
Fedhas
Gozag
Hepliaklqana
Makhleb
Okawaru
Sif Muna
Trog
Uskayaw
Vehumet
Wu Jian
The Shining One
Jiyva

Shops:
D:5 !   D:6 !   D:7 *(

Annotations:
D:4 Edmund
D:11 5 runed translucent doors, VeinyPole's ghost, journeyman TrDe
D:13 Nessos


Innate Abilities, Weirdness & Mutations

You have sharp fingernails.
You have hoof-like feet.
You have a pair of small horns on your head.
You sometimes gain power by taking damage.
You are partially covered in sharp spines.


Message History

Nessos casts a spell.
Nessos seems to speed up.
Nessos wields a +3 longbow of flaming.
It bursts into flame!
Nessos shoots an arrow.
The arrow hits you! The arrow burns you. You block the orc's attack.
The vampire mosquito moves out of view.
There is a stone staircase leading up, spattered with blood here.
Something hits you.
Deactivating autopickup; reactivate with Ctrl-A.
Nessos shoots an arrow.
The arrow hits you!
* * * LOW HITPOINT WARNING * * *
The arrow burns you.
You are poisoned.
* * * LOW HITPOINT WARNING * * *
The white ugly thing trunk-slaps you but does no damage.
The orc hits you but does no damage. The orc priest barely misses you.
Nessos shoots an arrow.
You reflect the arrow off an invisible shield around you!
The arrow hits Nessos!
The arrow burns Nessos.
Nessos is poisoned.
You climb upwards.
Reactivating autopickup.
You feel sick.
The orc wizard points at you and mumbles some strange words.
The magic dart hits you but does no damage.
There is a stone staircase leading down here.
A demon appears!
You feel sick. Something hits you but does no damage.
Deactivating autopickup; reactivate with Ctrl-A.
The white ugly thing trunk-slaps you but does no damage.
You block the orc's attack. You block the orc priest's attack.
The orc wizard hits your orange demon but does no damage.
Okay, then.
Okay, then.
You feel better. The orc is struck by your spines.
You kill the orc!
Makhleb accepts your kill.
You feel better. You block something's attack.
The white ugly thing is struck by your spines.
The white ugly thing trunk-slaps you.
* * * LOW HITPOINT WARNING * * *
The white ugly thing freezes you!!
You die...

..##...##
....o.. ..o..
... #o# #
###+##4####.##
#........o...#
#...[..o@....#
#..[...)u{...#
#[.<....{....#
#............#
#............##
###########..#
.... ..... ....


You could see a white ugly thing, an orc priest, an orc wizard (ally target), an
orc and a friendly orange demon (summoned).

Vanquished Creatures
  A two-headed ogre (D:9)
  An ugly thing (D:11)
  A cyclops (D:11)
  Joseph (D:7)
  A kobold demonologist (D:11)
  4 trolls
  Grinder (D:5)
  Sigmund (D:5)
  5 yaks
  A wyvern (D:7)
  A basilisk (D:10)
  Menkaure (D:5)
  3 ice beasts
  3 sky beasts
  A black bear (D:8)
  2 eyes of draining (D:3)
  6 orc warriors
  A necrophage (D:9)
  7 centaurs
  8 ogres
  3 phantoms
  3 gnoll sergeants (D:6)
  4 bullfrogs
  A water moccasin zombie (D:8)
  A wyvern skeleton (D:11)
  2 scorpions
  A water moccasin skeleton (D:3)
  8 killer bees
  2 howler monkeys (D:10)
  3 electric eels (D:6)
  A jelly (D:3)
  12 hounds
  A quasit (D:9)
  2 gnoll shamans
  9 orc priests
  3 centaur skeletons
  2 bullfrog skeletons
  4 iguanas
  12 orc wizards
  9 worker ants
  A hound zombie (D:11)
  A hound skeleton (D:6)
  20 gnolls
  17 adders
  5 shadow imps
  A white imp (D:7)
  2 ufetubi
  An ooze (D:1)
  2 adder zombies
  An adder skeleton (D:4)
  2 worms (D:2)
  3 dart slugs (D:2)
  4 leopard geckos
  37 orcs
  3 giant cockroaches
  9 goblins
  6 hobgoblins
  8 jackals
  6 kobolds
  2 quokkas
  2 ball pythons (D:2)
  12 bats
  7 frilled lizards
  A jackal skeleton (D:7)
  A leopard gecko skeleton (D:6)
  A quokka skeleton (D:7)
  7 rats
295 creatures vanquished.

Vanquished Creatures (others)
  A worker ant (D:4)
  2 gnolls (D:6)
  An adder skeleton (D:4)
4 creatures vanquished.

Grand Total: 299 creatures vanquished

Notes
Turn   | Place    | Note
-------+----------+-------------------------------------------
     0 | D:1      | lorimerr the Demonspawn Fighter began the quest for the
                  | Orb.
     0 | D:1      | Reached XP level 1. HP: 18/18 MP: 1/1
    91 | D:1      | Reached skill level 2 in Polearms
   265 | D:1      | Gained mutation: You have large cloven feet. [demonic
                  | ancestry]
   265 | D:1      | Reached XP level 2. HP: 24/24 MP: 2/2
   541 | D:1      | Reached skill level 3 in Polearms
  1136 | D:2      | Reached XP level 3. HP: 29/29 MP: 3/3
  1691 | D:2      | Reached skill level 4 in Polearms
  1691 | D:2      | Gained mutation: You have sharp fingernails. [demonic
                  | ancestry]
  1691 | D:2      | Reached XP level 4. HP: 35/35 MP: 4/4
  1944 | D:2      | Found a shimmering blue altar of Sif Muna.
  2771 | D:3      | Gained mutation: You sometimes gain a little power by
                  | taking damage. [demonic ancestry]
  2771 | D:3      | Reached XP level 5. HP: 31/41 MP: 5/5
  2857 | D:3      | Reached skill level 5 in Polearms
  3165 | D:3      | Noticed an eye of draining
  3191 | D:3      | Killed an eye of draining
  3241 | D:3      | Found a bloodstained altar of Trog.
  3241 | D:3      | Noticed an eye of draining
  3253 | D:3      | Gained mutation: You have a pair of small horns on your
                  | head. [demonic ancestry]
  3253 | D:3      | Reached XP level 6. HP: 37/47 MP: 0/6
  3258 | D:3      | Reached skill level 6 in Polearms
  3687 | D:4      | Found a radiant altar of Vehumet.
  3897 | D:5      | Entered Level 5 of the Dungeon
  3949 | D:5      | Found a shadowy altar of Dithmenos.
  4289 | D:5      | Reached skill level 7 in Polearms
  4289 | D:5      | Gained mutation: You are partially covered in sharp spines.
                  | [demonic ancestry]
  4289 | D:5      | Reached XP level 7. HP: 44/52 MP: 7/7
  4555 | D:4      | Noticed Edmund
  4581 | D:5      | Found Tedats's Distillery.
  4598 | D:5      | Bought 2 potions of heal wounds for 140 gold pieces
  4634 | D:4      | Found a burning altar of Makhleb.
  4634 | D:4      | Noticed a balrug
  4637 | D:4      | Noticed a ynoxinul
  4637 | D:4      | Noticed a neqoxec
  4639 | D:4      | Became a worshipper of Makhleb the Destroyer
  5025 | D:5      | Reached skill level 8 in Polearms
  5234 | D:5      | Reached XP level 8. HP: 54/58 MP: 8/8
  5254 | D:5      | Noticed Sigmund
  5283 | D:5      | Killed Sigmund
  5284 | D:5      | Reached skill level 9 in Polearms
  5452 | D:5      | Noticed Grinder
  5466 | D:5      | Killed Grinder
  5578 | D:5      | Noticed Menkaure
  5587 | D:5      | Killed Menkaure
  5588 | D:5      | Reached skill level 10 in Polearms
  5938 | D:6      | Reached * piety under Makhleb
  6035 | D:7      | Reached XP level 9. HP: 53/65 MP: 9/9
  6318 | D:7      | Found a shimmering blue altar of Sif Muna.
  6323 | D:7      | Noticed Joseph
  6365 | D:7      | Killed Joseph
  6366 | D:7      | Reached skill level 11 in Polearms
  6544 | D:7      | Found a hazy altar of Hepliaklqana.
  6545 | D:7      | Found a hide-covered altar of Uskayaw.
  6546 | D:7      | Found a snail-covered altar of Cheibriados.
  6546 | D:7      | Found an ornate altar of the Wu Jian Council.
  6546 | D:7      | Found a blossoming altar of Fedhas.
  6620 | D:6      | Found Qoveaseo's Distillery.
  6661 | D:6      | Reached skill level 5 in Fighting
  6724 | D:6      | Found an opulent altar of Gozag.
  6968 | D:6      | Reached ** piety under Makhleb
  7454 | D:9      | Noticed a two-headed ogre
  7474 | D:9      | Killed a two-headed ogre
  7475 | D:9      | Reached skill level 12 in Polearms
  7475 | D:9      | Gained mutation: You have hoof-like feet. [demonic
                  | ancestry]
  7475 | D:9      | Reached XP level 10. HP: 38/76 MP: 10/10
  7739 | D:7      | Found an iron altar of Okawaru.
  8110 | D:7      | Found Ziarchug's Distillery.
  8189 | D:7      | Found Zeppumm's Assorted Antiques.
  8202 | D:7      | Bought a scroll labelled WOURRY UPTUMN for 23 gold pieces
  8202 | D:7      | Bought a scroll labelled MIMATE CUIMN for 23 gold pieces
  8235 | D:7      | Found a glowing golden altar of the Shining One.
  8386 | D:7      | Found Nuryinae's Weapon Emporium.
  8442 | D:7      | Found a staircase to the Ecumenical Temple.
  8788 | D:8      | Found a staircase to the Lair.
  8936 | D:8      | Reached *** piety under Makhleb
  9112 | D:10     | Entered Level 10 of the Dungeon
  9219 | D:11     | Found a runed translucent gate.
  9219 | D:11     | Found a runed translucent gate.
  9219 | D:11     | Found a runed translucent gate.
  9924 | D:8      | Reached skill level 5 in Shields
  9984 | D:8      | Reached **** piety under Makhleb
  9985 | D:8      | Reached skill level 5 in Armour
 10743 | D:11     | Noticed VeinyPole's ghost (journeyman TrDe)
 10744 | D:11     | Found a viscous altar of Jiyva.
 10759 | D:10     | Gained mutation: You sometimes gain power by taking damage.
                  | [demonic ancestry]
 10759 | D:10     | Reached XP level 11. HP: 86/86 MP: 11/11
 11096 | D:10     | Identified the +0 dagger "Dailuila" {flame, rC+ Will++}
 11604 | D:12     | Noticed a boulder beetle
 11671 | D:11     | Noticed a cyan ugly thing
 11690 | D:11     | Killed a cyan ugly thing
 11755 | D:13     | Noticed Nessos
 11789 | D:11     | Found a runed translucent door.
 11791 | D:11     | Found a runed translucent door.
 11791 | D:11     | Noticed a catoblepas
 11791 | D:11     | Noticed a red ugly thing
 11807 | D:11     | Noticed a sixfirhy
 11825 | D:11     | Noticed a skeletal warrior
 11867 | D:11     | Noticed a skeletal warrior
 12004 | D:12     | Noticed a white ugly thing
 12017 | D:12     | Mangled by a white ugly thing

Illustrated notes

Levels and vault maps discovered:
D:1:      wheals_arrival_shading, layout_basic, minmay_parallelograms
D:2:      minmay_thinvault, layout_rooms, lemuel_blue_sif_altar, minivault_25
D:3:      layout_loops_cross, trog_eyes_of_draining, kennysheep_generic_room_6
D:4:      layout_layer_cave, makhleb_altar_promises_db, fiery_altar_vehumet,
          amethyst_killhole, uniq_edmund
D:5:      layout_loops_ring, general_overflow_altar, serial_shops,
          nicolae_shop_stone, uniq_grinder, uniq_menkaure, uniq_sigmund
D:6:      layout_cave_pools, grunt_gozag_breadcrumbs, serial_gnoll_camp,
          gnoll_camp_mini_doghouse, gnoll_camp_huts_moat, gnoll_camp_mini_shop,
          gnoll_camp_mini_hut, gnoll_camp_mini_hut
D:7:      layout_loops_corners, kennysheep_okawaru_gauntlet, old_standard_altar,
          grunt_temple_overflow_open, minmay_temple_entry_poolview,
          serial_shops, shop, shop, nicolae_shop_temple_entry_statues_fountains,
          basic_altar, uniq_joseph
D:8:      layout_gridville, dpeg_oklobed_lair
D:9:      layout_basic, skrybe_limestone_x
D:10:     layout_rooms
D:11:     minmay_the_grid_triangle_9x9_recursive_3_mashed
          [minmay_the_grid_triangle_9x9_wacky_v,
          minmay_the_grid_triangle_9x9_cache,
          minmay_the_grid_triangle_9x9_windchime,
          minmay_the_grid_triangle_9x9_prize_insulated,
          minmay_the_grid_triangle_9x9_sparse_checkered,
          minmay_the_grid_triangle_9x9_dagger,
          minmay_the_grid_triangle_9x9_corruption,
          minmay_the_grid_triangle_9x9_tough_junction,
          minmay_the_grid_triangle_9x9_odd_lines], layout_loops_ring,
          gammafunk_ghost_ooze, serial_glass, glass_columns_b, glass_columns_a,
          glass_columns_a, kennysheep_small_circle
D:12:     layout_gridville, orc_0_dummy
D:13:     layout_basic, uniq_nessos

Skill      XL: |  1  2  3  4  5  6  7  8  9 10 11 |
---------------+----------------------------------+-----
Polearms       | 2 3 4 5 7 8 10 12 | 12.6
Fighting       | 6 7 8 |  8.6
Armour         | 5 6 |  6.0
Shields        | 5 6 |  6.0

Action                   |  1- 3 |  4- 6 |  7- 9 | 10-12 || total
-------------------------+-------+-------+-------+-------++-------
Melee: Trident           |   118 |   192 |   195 |       ||   505
       Kick              |    20 |    41 |    73 |   113 ||   247
       Headbutt          |       |     8 |    33 |    65 ||   106
       Spear             |       |       |   167 |   480 ||   647
Throw: Javelin           |       |       |     5 |       ||     5
       Dart              |       |       |     7 |       ||     7
Invok: Lesser Servant of |       |       |       |     1 ||     1
 Abil: Evoke Flight      |       |       |       |     1 ||     1
  Use: Scroll            |       |       |     6 |    10 ||    16
       Potion            |       |       |     5 |     3 ||     8
Armor: Scale mail        |    28 |       |       |       ||    28
       Chain mail        |    29 |    70 |   127 |    63 ||   289
       Plate armour      |       |       |       |    68 ||    68
Dodge: Dodged            |    37 |    29 |    34 |    38 ||   138
Block: Kite shield       |    44 |    64 |   119 |   226 ||   453
       Reflection        |       |       |       |     6 ||     6

Table legend: (Time is in decaauts)
 A = Elapsed time spent in this place.
 B = Non-inter-level travel time spent in this place.
 C = Inter-level travel time spent in this place.
 D = Time resting spent in this place.
 E = Time spent auto-exploring this place.
 F = Levels seen in this place.
 G = Mean time per level.
                   A        B        C        D        E       F      G
               +--------+--------+--------+--------+--------+-----+--------+
         Total |  12027 |  11669 |    358 |   2307 |   4470 |  13 |  925.2 |
       Dungeon |  12027 |  11669 |    358 |   2307 |   4470 |  13 |  925.2 |
               +--------+--------+--------+--------+--------+-----+--------+

Top non-repeatable levels by time:
     D:2: 1332 daAuts
     D:1: 1301 daAuts
     D:7: 1249 daAuts
     D:4: 1211 daAuts
     D:8: 1135 daAuts
     D:6: 1121 daAuts
     D:9: 1102 daAuts
     D:3: 1042 daAuts
    D:10: 1033 daAuts
     D:5: 1015 daAuts
    D:11: 287 daAuts
    D:12: 191 daAuts
    D:13: 4 daAuts
